 Dungeon Crawl Stone Soup version 0.31.0-32-g396128a36d (webtiles) character file.

Game seed: 10674897130744269077

30 Curundu the Chopper (level 3, -1/33 HPs)
             Began as a Minotaur Berserker on Mar 25, 2024.
             Was a Follower of Trog.
             Slain by Crazy Yiuf
             ... wielding a +3 quarterstaff of chaos
              (3 damage)
             ... on level 2 of the Dungeon.
             The game lasted 00:02:16 (1291 turns).

Curundu the Chopper (Minotaur Berserker)            Turns: 1291, Time: 00:02:19

Health: -1/33      AC:  8    Str: 23    XL:     3   Next: 3%
Magic:  2/2        EV:  9    Int:  4    God:    Trog [*.....]
Gold:   73         SH:  0    Dex:  9    Spells: 2/2 levels left

rFire   . . .        a - +0 hand axe
rCold   . . .        (no shield)
rNeg    . . .        h - +0 chain mail
rPois   .            (helmet restricted)
rElec   .            (no cloak)
rCorr   .            (no gloves)
SInv    .            (no boots)
Will    ++...        (no amulet) Stlth
                     (no ring)
HPRegen 1.25/turn    (no ring)
MPRegen 0.08/turn

%: no passive effects
@: lethally poisoned (-1 -> -3), strong-willed (expiring), regenerating
(expiring)
A: horns 2, retaliatory headbutt
a: Renounce Religion, Berserk


You were on level 2 of the Dungeon.
You worshipped Trog.
Trog was aware of your devotion.
You visited 1 branch of the dungeon, and saw 2 of its levels.

You collected 73 gold pieces.

Inventory:

Hand Weapons
 a - a +0 hand axe (weapon)
Armour
 h - a +0 chain mail (worn)
Jewellery
 d - an amulet of faith
Scrolls
 b - a scroll of teleportation {unknown}
 f - 2 scrolls of identify {unknown}
 g - a scroll of enchant armour {unknown}
 j - a scroll of acquirement {unknown}
Potions
 c - 2 potions of cancellation {unknown}
 e - 2 potions of haste {unknown}
 i - a potion of curing {unknown}


   Skills:
 + Level 4.1 Fighting
 + Level 4.3 Axes
 + Level 2.6 Armour
 + Level 2.3 Dodging
 + Level 0.3 Stealth


You had 2 spell levels left.
You didn't know any spells.
Your spell library was empty.

Dungeon Overview and Level Annotations

Branches:
Dungeon (2/15)

Altars:

Annotations:
D:2 Crazy Yiuf


Innate Abilities, Weirdness & Mutations

You have a pair of horns on your head.
You reflexively headbutt those who attack you in melee.


Message History

You headbutt the ribbon worm!
You kill the ribbon worm!
Trog accepts your kill.
You have reached level 3!
Your experience leads to an increase in your attributes!
Increase (S)trength, (I)ntelligence, or (D)exterity?
You feel stronger. x2
j - a scroll labelled ANENAI IRELYL
Found a stone staircase leading down.
There is a stone staircase leading down here.
Found a hammer.
Found a runed translucent door.
Crazy Yiuf shouts!
Your skin crawls.
You feel strong-willed.
Crazy Yiuf laughs, "Lay!
Aardvark cower song."
You open the door. You barely miss Crazy Yiuf.
Crazy Yiuf completely misses you.
You closely miss Crazy Yiuf. Crazy Yiuf closely misses you.
You hit Crazy Yiuf.
Crazy Yiuf is moderately wounded.
Crazy Yiuf barely misses you. You furiously retaliate!
You headbutt Crazy Yiuf.
Crazy Yiuf hits you with a +3 quarterstaff of chaos.
You hit Crazy Yiuf but do no damage.
Crazy Yiuf is moderately wounded.
Crazy Yiuf hits you with a +3 quarterstaff of chaos!
Crazy Yiuf freezes you.
You can no longer call upon Trog for regeneration and willpower.
You barely miss Crazy Yiuf.
Crazy Yiuf is moderately wounded.
Crazy Yiuf hits you with a +3 quarterstaff of chaos!
* * * LOW HITPOINT WARNING * * *
You are lethally poisoned!
You barely miss Crazy Yiuf.
Crazy Yiuf is moderately wounded.
You feel the effects of Trog's Hand fading.
* * * LOW HITPOINT WARNING * * *
You feel very sick.
Crazy Yiuf cries, "Hack!
Line shrimp song."
Crazy Yiuf hits you with a +3 quarterstaff of chaos.
You die...

....# #.#............
#.# ....#
#.#............ #.#
....# #.#............
#.# ....#
#.############# #.#
##### #.# #.# #.# ###
♣♣#### #.# #)..#♣♣
♣♣.#..####.# #####
#...g@♣♣♣♣P.......#.#
##.....
#...#♣..♣..P...##...#
...... ###
♣♣♣.♣.P#.#####.#
...... ♣♣♣♣♣### #.#
)..# #.# ...# #.#
...+ #.# ...###. #.#
....... #.#


You could see Crazy Yiuf.

Vanquished Creatures
  A dart slug (D:1)
  A ribbon worm (D:2)
  4 endoplasms
  3 goblins
  2 hobgoblins
  3 kobolds (D:1)
  A quokka (D:1)
  5 ball pythons
  A bat (D:2)
  A frilled lizard (D:1)
  3 rats
25 creatures vanquished.

Notes
Turn   | Place    | Note
-------+----------+-------------------------------------------
     0 | D:1      | Curundu the Minotaur Berserker began the quest for the Orb.
     0 | D:1      | Reached XP level 1. HP: 19/19 MP: 0/0
   188 | D:1      | Reached XP level 2. HP: 27/27 MP: 1/1
  1177 | D:2      | Reached ** piety under Trog
  1185 | D:2      | Reached XP level 3. HP: 25/33 MP: 2/2
  1280 | D:2      | Found a runed translucent door.
  1281 | D:2      | Noticed Crazy Yiuf
  1291 | D:2      | Slain by Crazy Yiuf

Illustrated notes

Levels and vault maps discovered:
D:1:      amcnicky_arrival_double_pillar, layout_basic
D:2:      layout_basic, uniq_crazy_yiuf_cottage

Skill      XL: |  1  2 |
---------------+-------+-----
Axes           | 4 |  4.3
Fighting       | 4 |  4.1
Armour         | |  2.6
Dodging        | |  2.3
Stealth        | |  0.3

Action                     || total
---------------------------++-------
  Melee: Hand axe          ||    45
         Headbutt          ||     9
 Invoke: Trog's Hand       ||     1
 Armour: Animal skin       ||     8
         Chain mail        ||    22
  Dodge: Dodged            ||    26
